 Dungeon Crawl Stone Soup version 0.30-b1-2-g02819fbbbe (webtiles) character file.

Game seed: 679864353687294721

8 redmage the Chiller (level 2, -2/20 HPs)
             Began as a Meteoran Ice Elementalist on Aug 1, 2023.
             Slain by Robin
             ... wielding a +0 trident
              (9 damage)
             ... on level 2 of the Dungeon.
             The game lasted 00:02:35 (128 turns).

redmage the Chiller (Meteoran Ice Elementalist)      Turns: 128, Time: 00:02:36

Health: -2/20      AC:  2    Str:  9    XL:     2   Next: 29%
Magic:  3/7        EV: 12    Int: 16    God:
Gold:   33         SH:  0    Dex: 14    Spells: 6/7 levels left

rFire   . . .        (no weapon)
rCold   . . .        (no shield)
rNeg    . . .        a - +0 robe
rPois   .            (no helmet)
rElec   .            (no cloak)
rCorr   .            (no gloves)
SInv    .            (no boots)
Will    .....        (no amulet)
Stlth   +            (no ring)
HPRegen 0.23/turn    (no ring)
MPRegen 0.10/turn

%: no passive effects
@: glowing
A: sense surroundings 1, otherworldly, glowing, explore regen
a: no special abilities


You were on level 2 of the Dungeon.
You visited 1 branch of the dungeon, and saw 3 of its levels.

You collected 33 gold pieces.

Inventory:

Armour
 a - a +0 robe (worn)
Scrolls
 d - a scroll of identify {unknown}
Potions
 b - a potion of magic


   Skills:
 - Level 2.4 Dodging
 - Level 1.4 Stealth
 * Level 3.1 Spellcasting
 * Level 4.6 Ice Magic


You had 6 spell levels left.
You knew the following spells:

 Your Spells              Type           Power      Damage    Failure   Level
a - Freeze                Ice            68%        1d8       2%          1

Your spell library contained the following spells:

 Spells                   Type           Power      Damage    Failure   Level
 Frozen Ramparts          Ice            34%        1d6       9%          3
 Ozocubu's Armour         Ice            17%        N/A       9%          3
 Summon Ice Beast         Ice/Summ       10%        N/A       56%         4


Dungeon Overview and Level Annotations

Branches:
Dungeon (3/15) Zot: 1669

Altars:

Annotations:
D:2 Robin


Innate Abilities, Weirdness & Mutations

You passively map a small area around you.
You are easily found by Zot.
You glow in the dark.
You regain HP and MP as you explore.


Message History

The goblin hits you with a +0 club.
Unknown command.
Unknown command.
Casting: Freeze (safe; 2% risk of failure)
Confirm with . or Enter, or press ? or * to list all spells.
Aiming: Freeze (safe; 2% risk of failure)
Press: ? - help, Shift-Dir - straight line, f - goblin
Aim: a goblin, wielding a +0 club You freeze the goblin!
You kill the goblin!
Unknown command.
Items here: )) ††.
There is a stone staircase leading down here.
You climb downwards.
Level annotation: Robin The giant cockroach waves its antennae.
Robin barely misses you. The goblin hits you with a +0 club.
The goblin barely misses you. The goblin hits you with a +0 dagger.
The goblin barely misses you.
There is a stone staircase leading up, spattered with blood here.
The goblin misses you. The goblin closely misses you.
The goblin hits you with a +0 dagger.
* * * LOW HITPOINT WARNING * * *
You climb upwards.
There is a stone staircase leading down here.
Unknown command.
Casting: Freeze (safe; 2% risk of failure)
Confirm with . or Enter, or press ? or * to list all spells.
Aiming: Freeze (safe; 2% risk of failure)
Press: ? - help, Shift-Dir - straight line, f - Robin
Aim: Robin, wielding a +0 trident, wearing a +0 animal skin and wearing a +0 helmet You freeze Robin.
Robin is moderately wounded.
The goblin barely misses you. Robin closely misses you.
Unknown command.
Okay, then.
As you read the scroll labelled SUANOS WORESIC, it crumbles to dust.
You feel aware of your surroundings.
It was a scroll of magic mapping.
The goblin barely misses you. Robin hits you with a +0 trident!
You die...

############.#######.#,*,*,*
*,,
............[#.....#.#,*,*,*
*,,
##############.....#[#,*,*,*
*,, * #.'.....'<#,*,*,****,,
* #.#.....#.#,*,*,,,,,,, *
#.#.....#.#,*,*******, *
#.#######.#,*,* *,
****########.##### #.#,*,*
*, ,,,,..........gg@#
#.#,*,* *,
****########.###g# #.#,*,*
*, * ***** #.#*#g# #.#,*,*
*, * *,,,* #.#,.g# *,*,*,*
*, * *,,,* #.#,#.# *,*,*,*
*, * *,,,* #.#,#.# *,*,*,*
*, * *,,,* #.#,#.# *,*,*,*
*, * *,,,* #..,..#**,*,*,*
*, ** *,,,* ###,,,,,,,*,*,*
*,


You could see Robin and 4 goblins.

Vanquished Creatures
  A ball python (D:1)
  An endoplasm (D:1)
  3 goblins (D:2)
  A hobgoblin (D:2)
6 creatures vanquished.

Notes
Turn   | Place    | Note
-------+----------+-------------------------------------------
     0 | D:1      | redmage the Meteoran Ice Elementalist began the quest for
                  | the Orb.
     0 | D:1      | Reached XP level 1. HP: 14/14 MP: 5/5
   115 | D:3      | Noticed Robin
   119 | D:2      | Reached XP level 2. HP: 13/20 MP: 5/7
   128 | D:2      | Slain by Robin

Illustrated notes

Levels and vault maps discovered:
D:1:      scummos_arrival_forest, layout_basic, st_stairs_9
D:2:      layout_basic, amcnicky_mini_rare_corridor_liquid
D:3:      layout_loops_cross, nicolae_kite_square_tiling_tiny,
          minmay_crystal_room, hellmonk_guarded_unrand_hermit, uniq_ijyb,
          uniq_robin

Skill      XL: |  1 |
---------------+----+-----
Spellcasting   | 3 |  3.1
Dodging        | |  2.4
Stealth        | |  1.4
Ice Magic      | |  4.6

Action                     || total
---------------------------++-------
   Cast: Freeze            ||     9
    Use: Scroll            ||     1
 Armour: Robe              ||     1
  Dodge: Dodged            ||    13
